AoeStats
← IvoryRooster

Arena

509480939Analyzed
2v2 RM · 7d ago on Sep 26, 2026· 68m 1s· 4 players
Game mode
Random Map
Map size
Medium (4 player)
Population
200
Speed
Normal
Resources
Standard
Victory
Conquest
Starting age
Dark Age
Ending age
Imperial Age
RankedLock teamsTeams togetherTeam positionsShared explorationLock speedFull tech treeHidden civsTurbo modeCheats
Victory
Defeat
🇺🇸 Wei · United States
823
+14
🇵🇱 Japanese · Poland
774
+16
🇺🇸 Saxons · United States
852
-18
🇺🇸 Varangians · United States
703
-12
IvoryRooster
5:06 Loom
16:26 Feudal Age
17:16 Horse Collar
17:01 Man-at-Arms
17:46 Arson
18:31 Double-Bit Axe
20:14 Forging
20:04 Scale Mail Armor
20:50 Gold Mining
21:02 Fletching
21:13 Padded Archer Armor
21:28 Stone Mining
28:31 Castle Age
30:23 Iron Casting
30:04 Chain Mail Armor
29:44 Bodkin Arrow
29:45 Gambesons
30:49 Leather Archer Armor
30:29 Long Swordsman
31:12 Squires
33:48 Gold Shaft Mining
33:49 Caravan
33:46 Clerical Recruitment
35:29 Wheelbarrow
35:32 Bow Saw
36:38 Crossbowman
37:41 Fortified Wall
37:27 Murder Holes
38:25 Hand Cart
37:57 Town Watch
39:40 Thumb Ring
39:26 Pikeman
40:25 Elite Skirmisher
43:42 Ballistics
46:39 Imperial Age
44:19 Guard Tower
44:10 Treadmill Crane
46:38 Masonry
47:12 Two-Handed Swordsman
47:18 Shield Wall
47:27 Elite Varangian Guard
48:59 Keep
48:24 Halberdier
49:41 Champion
52:19 Chemistry
52:37 Architecture
53:04 Arrowslits
53:35 Heavy Plow
55:53 Bracer
56:24 Ring Archer Armor
56:25 Plate Mail Armor
55:47 Elite Hearth Troop
57:45 Arbalester
59:23 Hoardings
59:37 Sappers
60:28 Conscription
60:54 Bloodlines
60:45 Husbandry
Viridios
4:17 Loom
13:33 Feudal Age
15:05 Horse Collar
15:13 Double-Bit Axe
16:06 Wheelbarrow
15:27 Stone Mining
15:33 Gold Mining
18:06 Arson
20:21 Forging
20:12 Scale Mail Armor
21:24 Town Watch
22:39 Bloodlines
28:34 Castle Age
27:32 Fletching
29:04 Pikeman
29:47 Squires
30:00 Scale Barding Armor
30:52 Stone Shaft Mining
31:13 Bow Saw
31:34 Hand Cart
31:24 Heavy Plow
31:51 Husbandry
32:41 Gambesons
34:42 Iron Casting
35:23 Chain Barding Armor
39:54 Imperial Age
38:00 Vendel Legacy
40:44 Caravan
40:48 Town Patrol
40:26 Cavalier
41:39 Conscription
44:29 Blast Furnace
44:09 Plate Barding Armor
44:17 Ballistics
43:55 Murder Holes
46:42 Fortified Wall
47:37 Elite Jarl
47:38 Gothikon
57:43 Light Cavalry
59:09 Hussar
63:31 Man-at-Arms
67:23 Two-Man Saw
mowmipirat
2:53 Loom
10:50 Feudal Age
11:18 Double-Bit Axe
12:56 Gold Mining
13:14 Horse Collar
18:43 Man-at-Arms
23:38 Castle Age
22:00 Padded Archer Armor
22:34 Forging
23:14 Stone Mining
24:06 Scale Mail Armor
24:24 Heavy Plow
27:04 Bow Saw
27:57 Gold Shaft Mining
29:21 Leather Archer Armor
31:07 Iron Casting
30:58 Long Swordsman
31:03 Elite Skirmisher
33:04 Gambesons
35:06 Pikeman
37:15 Squires
38:11 Chain Mail Armor
43:22 Imperial Age
40:52 Fletching
42:23 Wheelbarrow
41:34 Town Watch
41:50 Bodkin Arrow
43:41 Hand Cart
43:28 Halberdier
43:34 Elite Samurai
47:49 Conscription
47:10 Capped Ram
49:22 Kataparuto
51:58 Heavy Scorpion
52:48 Thumb Ring
59:11 Caravan
62:08 Blast Furnace
61:39 Plate Mail Armor
64:49 Siege Engineers
65:05 Ballistics
65:47 Chemistry
64:43 Murder Holes
65:24 Ring Archer Armor
67:04 Bracer
FlyAirWalker
12:06 Feudal Age
10:33 Loom
13:18 Double-Bit Axe
16:57 Stone Mining
19:38 Castle Age
18:44 Gold Mining
18:49 Fletching
20:50 Bow Saw
24:58 Thumb Ring
26:03 Scale Mail Armor
28:26 Wheelbarrow
29:16 Scale Barding Armor
30:30 Horse Collar
32:17 Elite Skirmisher
38:20 Imperial Age
35:52 Murder Holes
36:44 Stone Shaft Mining
37:47 Chain Barding Armor
38:06 Heavy Plow
39:25 Gold Shaft Mining
39:08 Hand Cart
40:21 Chemistry
40:05 Elite Tiger Cavalry
40:48 Tuntian
43:04 Parthian Tactics
43:42 Chain Mail Armor
43:23 Bodkin Arrow
46:20 Forging
45:40 Heavy Scorpion
47:40 Iron Casting
47:50 Caravan
48:44 Ming Guang Armor
52:40 Pikeman
53:20 Squires
53:35 Halberdier
55:26 Blast Furnace
54:27 Padded Archer Armor
56:01 Bracer
65:46 Crop Rotation
66:48 Leather Archer Armor
Connection lost

Rejoining the realm…

Still unreachable

The connection could not be restored.

Session expired

The server has moved on; the page needs a fresh start.